 Dungeon Crawl Stone Soup version 0.23.0-3-gf3c87f2 (webtiles) character file.

Game seed: 936676926362782445

63 ThorintheSecond the Slasher (level 4, -5/29 HPs)
             Began as a Tengu Berserker on Feb 24, 2019.
             Was a Follower of Trog.
             Killed by divine providence
             ... invoked by an orc priest
              (12 damage)
             ... on level 3 of the Dungeon.
             The game lasted 00:25:52 (2348 turns).

ThorintheSecond the Slasher (Tengu Berserker)       Turns: 2348, Time: 00:25:52

Health: -5/29      AC:  5    Str: 18    XL:     4   Next: 9%
Magic:  5/5        EV: 11    Int:  7    God:    Trog [*.....]
Gold:   157        SH:  0    Dex: 14    Spells: 3/3 levels left

rFire    . . .     SeeInvis .   a - +0 falchion
rCold    . . .     Gourm    +   (no shield)
rNeg     . . .     Faith    .   m - +0 ring mail
rPois    .         Spirit   .   (helmet restricted)
rElec    .         Reflect  .   (no cloak)
rCorr    .         Harm     .   (no gloves)
MR       .....                  (boots unavailable)
Stlth    +.........             o - amulet of the gourmand
HPRegen  0.09/turn              (no ring)
MPRegen  0.09/turn              (no ring)

@: berserk cooldown, slowed, very slow
A: beak, talons 3
a: Berserk, Renounce Religion


You were on level 3 of the Dungeon.
You worshipped Trog.
Trog was aware of your devotion.
You were full.

You visited 1 branch of the dungeon, and saw 3 of its levels.

You collected 157 gold pieces.

Inventory:

Hand Weapons
 a - a +0 falchion (weapon)
 d - a +0 dagger
 g - a +0 rapier
 h - a +0 whip
 j - a +0 short sword
 y - a +0 dagger
 z - a +0 hand axe
Missiles
 e - 26 arrows
 l - 21 bolts
Armour
 b - a +0 animal skin
 m - a +0 ring mail (worn)
 p - a +0 leather armour
 q - a +0 helmet
 v - a +0 ring mail
Jewellery
 o - an amulet of the gourmand (around neck)
Wands
 c - a wand of random effects (11)
Scrolls
 f - 3 scrolls of remove curse
 i - a scroll of teleportation {unknown}
 r - a scroll of noise {unknown}
 t - a scroll of fear {unknown}
 x - a scroll of identify
Potions
 k - a potion of brilliance
 n - a potion of mutation {unknown}
 s - a potion of curing {unknown}
 w - a potion of invisibility {unknown}
Comestibles
 u - a ration


   Skills:
 + Level 3.7 Fighting
 + Level 4.2 Long Blades
 + Level 0.3 Throwing
 + Level 2.7 Armour
 + Level 2.3 Dodging


You had 3 spell levels left.
You didn't know any spells.
Your spell library was empty.

Dungeon Overview and Level Annotations

Branches:
Dungeon (3/15)

Altars:
Hepliaklqana
Ru


Innate Abilities, Weirdness & Mutations

You have a beak for a mouth.
You have claws for feet.


Message History

Trog accepts your kill. The orc barely misses you.
You closely miss the orc. You claw the orc, but do no damage. You peck the orc.
The orc is lightly wounded.
The orc hits you.
* * * LOW HITPOINT WARNING * * *
The orc hits you but does no damage.
Okay, then.
You closely miss the orc. You claw the orc. You peck the orc, but do no damage.
The orc is heavily wounded.
The orc hits you but does no damage.
You slash the orc!
You kill the orc!
Trog accepts your kill. The orc barely misses you.
You hit the orc but do no damage. Your kick misses the orc.
The orc closely misses you.
The orc priest mumbles some strange prayers to Beogh against you.
Beogh smites you!
You die...

*,....##.#.#.#.###..##.(.
*,*#..##.#>..............
*,*#..##.#.###.####.##(..
*,*#.o.........# #.##.#.
*,*#)###o#.#####**#.#....
*,*#.###o#.#<,,,,*#.#####
*,,oo#...#.#,***,*#..,,,,
*,.o.#.###.#.###,*###****
*...##oo@.......,,,,,,,,,
###...####.#....,********
#.#.**,..#,**#*****,,,,
****#,#.**,***,*
*,,,,*,,,, *,,,*,[.**,*
*,* *,,,,*,,,,
*,*,*,#.,,,* *,*
*,,,,*****
*,*,,,..,*****,* *,,,,* *
*,***,**,*,,,,,*
*,,,,*****
*,***,**,*,*****
*,,,,*,,,,


You could see an orc priest and an orc.

Vanquished Creatures
  2 adders (D:3)
  A dart slug (D:1)
  2 leopard geckos
  5 orcs (D:3)
  3 bats (D:2)
  A giant cockroach (D:1)
  2 goblins
  5 hobgoblins
  3 jackals (D:2)
  6 kobolds
  2 frilled lizards (D:1)
32 creatures vanquished.

Notes
Turn   | Place    | Note
-------+----------+-------------------------------------------
     0 | D:1      | ThorintheSecond the Tengu Berserker began the quest for the
                  | Orb.
     0 | D:1      | Reached XP level 1. HP: 14/14 MP: 2/2
   394 | D:1      | Reached XP level 2. HP: 19/19 MP: 3/3
  1524 | D:2      | Reached XP level 3. HP: 23/23 MP: 4/4
  1854 | D:2      | Found a sacrificial altar of Ru.
  1967 | D:3      | Found a hazy altar of Hepliaklqana.
  2123 | D:3      | Reached skill level 4 in Long Blades
  2329 | D:3      | Reached XP level 4. HP: 12/29 MP: 5/5
  2348 | D:3      | Killed from afar by an orc priest

Skill      XL: |  1  2  3 |
---------------+----------+-----
Long Blades    | 4 |  4.2
Fighting       | |  3.7
Throwing       | |  0.3
Armour         | |  2.7
Dodging        | |  2.3

Action                   |  1- 3 |  4- 6 || total
-------------------------+-------+-------++-------
Melee: Falchion          |    70 |    10 ||    80
       Kick              |    19 |     4 ||    23
       Peck              |     9 |     3 ||    12
Throw: Stone             |     6 |       ||     6
Invok: Berserk           |     1 |       ||     1
  Use: Scroll            |     4 |       ||     4
 Stab: Sleeping          |     1 |       ||     1
  Eat: Chunk             |    11 |       ||    11
       Ration            |     1 |       ||     1
Armor: Animal skin       |     3 |       ||     3
       Ring mail         |     8 |     5 ||    13
Dodge: Dodged            |    30 |     5 ||    35
       Rpst.: Falchion   |    11 |       ||    11
